Mecha, neutral female human Archeologist -- --- --.--.-- |......| |......| --...>.--- --......| ---.|....| ---- |...|-..-- |<.---.--- --- |......| - --.#---- . |.| --.--|.| |....|.| |....|.| -.G)[| -.)@.- |...[d..| |.......| ---.--.-- -- --- Mecha the Field Worker Experience level: 3 Strength: 13 Dexterity: 10 Constitution: 13 Intelligence: 16 Wisdom: 14 Charisma: 9 Health: 0(22) Energy: 9(9) Def: 1 Gold: 334 Moves: 1448 Dungeon seed: RkO9dcW-9Tz5YRxh Game ID: Mecha_1478158731 Your Inventory: Coins $ - 334 gold pieces Weapons a - a +2 bullwhip h - a +0 orcish dagger (in quiver) Armor e - an uncursed +0 leather jacket (being worn) n - an uncursed +0 fedora (being worn) Comestibles b - 4 uncursed food rations j - an uncursed egg m - an uncursed lichen corpse Scrolls p - an uncursed scroll of remove curse s - an uncursed scroll of enchant weapon t - an uncursed scroll of magic mapping Spellbooks u - an uncursed spellbook of magic missile Potions z - an uncursed potion of water Rings i - an uncursed ring of cold resistance o - an uncursed ring of stealth Wands l - a wand of light (0:11) Tools c - a +0 pick-axe (weapon in hand) d - a tinning kit (0:89) f - an uncursed sack g - an uncursed oil lamp (0:1447) x - an uncursed blindfold Gems q - an uncursed touchstone r - 2 uncursed sapphires y - an uncursed fluorite stone Spells and supernatural/magical abilities: Name Level Category Fail Memory m - magic missile 2 attack 78% 97% W - pray for help -- divine ? -- Your skills at the end: Fighting Skills Weapon Skills pick-axe [Basic] whip [Basic] Spellcasting Skills Final Attributes: You were piously aligned. You were stealthy. You were fast. You are dead. Vanquished creatures: a dwarf a large kobold 3 giant rats a yellow mold 5 gnomes 3 geckos a jackal 3 kobolds a goblin a grid bug 2 lichens a kobold zombie 5 newts 28 creatures vanquished. Voluntary challenges: You used a wielded weapon 35 times, starting on turn 3. You read items or engraved 3 times, starting on turn 735. You never genocided any monsters. You never polymorphed an object. You never changed form. You used no wishes. You never split a pudding. You never wrote Elbereth's name. You never violated your personal moral code. Dungeon overview: The Dungeons of Doom: levels 1 to 3 Level 1 a sink a long staircase Level 2 Level 3 stairs to The Gnomish Mines The Gnomish Mines: Level 4 <- You were here stairs to The Dungeons of Doom History has recorded: On T:1 you entered the Dungeons of Doom to retrieve the Amulet of Yendor! On T:498 you advanced to experience level 2. On T:519 you reached level 2 of The Dungeons of Doom. On T:722 you reached level 3 of The Dungeons of Doom. On T:1341 you advanced to experience level 3. On T:1408 you reached level 1 of The Gnomish Mines. Score breakdown: Gold: 334 ( 8589 points) Experience: 3 levels ( 7878 points) Exploration: 4 levels ( 7.84%) ( 7348 points) Discoveries: 6 items ( 2.02%) ( 4264 points) Valuables value: (no points given unless you survive) Artifact value: 0 ( 0 points) Variety of kills: 13 monsters ( 3.41%) ( 5541 points) Turncount: 1448 turns ( 0 points) Survival: died (score multiplied by 80%) Total score: 26896 Latest messages: ÓãA bites the gnome. The gnome is killed! The gnome hits! You kill the gnome! There are a few objects here. ÓãA bites the gnome. The gnome swings his bow at ÓãA. The gnome misses ÓãA. The gnome swings his bow. The gnome hits! You hit the gnome. ÓãA bites the gnome. The gnome is killed! You hit the gnome. ÓãA eats a dwarf corpse. You kill the gnome! ÓãA picks up a hooded cloak. You hit the gnome king. You miss the gnome king. ÓãA drops a hooded cloak. The gnome king wields a thonged club! You miss the gnome king. You hit the gnome king! The gnome king swings his thonged club. The gnome king hits! You die... Final status: Goodbye Mecha the Archeologist, killed by a gnome king... You died in The Gnomish Mines on dungeon level 4 with 26896 points, and 334 pieces of gold, after 1448 moves. You were level 3 with a maximum of 22 hit points when you died.